AoeStats
← Scol1ng

Black Forest

507747725Analyzed
3v3 RM · 13d ago on Sep 19, 2026· 38m 3s· 6 players
Game mode
Random Map
Map size
Normal (6 player)
Population
200
Speed
Normal
Resources
Standard
Victory
Conquest
Starting age
Dark Age
Ending age
Imperial Age
RankedLock teamsTeams togetherTeam positionsShared explorationLock speedFull tech treeHidden civsTurbo modeCheats
Victory
Defeat
🇹🇼 Spanish · Taiwan
1711
+11
🇹🇼 Japanese · Taiwan
1682
+12
🇹🇼 Georgians · Taiwan
1503
+19
🇩🇪 Bohemians · Germany
1614
-15
🇩🇪 Dravidians · Germany
1591
-14
🇩🇪 Teutons · Germany
1573
-13
Scol1ng
13:10 Feudal Age
17:10 Castle Age
15:17 Double-Bit Axe
16:42 Fishing Lines
18:38 Bow Saw
21:28 Wheelbarrow
23:20 Gold Mining
26:46 Horse Collar
29:45 Heavy Plow
29:42 Stone Mining
30:40 Gillnets
33:25 Imperial Age
30:51 Town Watch
31:25 Hand Cart
31:44 Pikeman
32:25 Squires
32:41 Scale Barding Armor
33:33 Arson
33:50 Scale Mail Armor
34:11 Chain Barding Armor
34:02 Forging
33:31 Halberdier
35:19 Two-Man Saw
33:43 Cavalier
34:34 Bloodlines
34:47 Chain Mail Armor
34:59 Bloodlines
35:40 Conscription
36:30 Plate Barding Armor
36:27 Plate Mail Armor
36:33 Iron Casting
36:15 Masonry
36:12 Siege Engineers
36:17 Fortified Wall
35:54 Paladin
105er.G0ldenFir3
0:53 Loom
13:30 Feudal Age
14:06 Double-Bit Axe
20:08 Horse Collar
22:45 Castle Age
21:13 Fishing Lines
24:07 Bow Saw
26:19 Wheelbarrow
29:38 Hand Cart
29:57 Gillnets
30:19 Heavy Plow
35:23 Imperial Age
33:05 Fortified Wall
34:10 Chemistry
35:07 Masonry
37:13 Two-Man Saw
37:12 Padded Archer Armor
Öl1ng
0:56 Loom
12:51 Feudal Age
12:52 Man-at-Arms
13:27 Double-Bit Axe
13:23 Horse Collar
20:04 Castle Age
19:40 Gold Mining
23:19 Sanctity
28:21 Bow Saw
31:44 Wheelbarrow
30:55 Town Watch
32:37 Stone Mining
32:51 Heavy Plow
37:48 Imperial Age
35:40 Hand Cart
38:26 Imperial Age
36:02 Fletching
37:27 Hand Cart
37:30 Bodkin Arrow
liang0312
0:42 Loom
13:17 Feudal Age
19:40 Castle Age
18:10 Double-Bit Axe
22:15 Bow Saw
22:13 Fishing Lines
26:48 Gillnets
27:51 Wheelbarrow
31:50 Imperial Age
29:26 Fletching
29:52 Hand Cart
30:05 Scale Mail Armor
30:38 Squires
30:35 Treadmill Crane
30:49 Stone Mining
30:50 Gold Mining
31:29 Chain Mail Armor
32:21 Forging
33:05 Plate Mail Armor
33:17 Gold Shaft Mining
32:10 Elite Samurai
32:39 Capped Ram
34:09 Iron Casting
35:45 Conscription
36:09 Guard Tower
36:41 Ballistics
37:22 Chemistry
36:07 Arrowslits
36:33 Masonry
36:56 Yasama
37:18 Kataparuto
37:51 Keep
38:24 Blast Furnace
TATTOO
7:18 Loom
12:10 Feudal Age
13:01 Double-Bit Axe
15:52 Castle Age
20:01 Town Watch
20:07 Town Watch
20:54 Horse Collar
22:48 Bow Saw
22:40 Fishing Lines
24:59 Gold Mining
26:39 Wheelbarrow
26:44 Gillnets
27:43 Hand Cart
31:28 Imperial Age
29:14 Scale Barding Armor
29:19 Forging
29:11 Husbandry
29:08 Stone Mining
29:54 Bloodlines
30:14 Fortified Wall
31:47 Chain Barding Armor
32:03 Iron Casting
33:05 Plate Barding Armor
32:56 Conscription
32:56 Devotion
33:00 Caravan
33:01 Elite Monaspa
36:25 Iron Casting
36:58 Aznauri Cavalry
38:43 Blast Furnace
38:10 Svan Towers
星空夜羽
0:36 Loom
11:46 Feudal Age
15:44 Castle Age
13:53 Double-Bit Axe
16:45 Horse Collar
24:04 Town Watch
26:58 Padded Archer Armor
28:29 Wheelbarrow
30:32 Leather Archer Armor
31:01 Devotion
31:48 Fletching
32:46 Gold Mining
32:47 Stone Mining
35:55 Stone Shaft Mining
35:54 Bloodlines
35:45 Husbandry
36:41 Bodkin Arrow
Connection lost

Rejoining the realm…

Still unreachable

The connection could not be restored.

Session expired

The server has moved on; the page needs a fresh start.